 Dungeon Crawl Stone Soup version 0.22-a0-161-g198051c (webtiles) character file.

53 Diablos the Chopper (level 3, -2/29 HPs)
             Began as a Demonspawn Fighter on Feb 10, 2018.
             Killed by divine providence
             ... invoked by an orc priest
              (11 damage)
             ... on level 3 of the Dungeon.
             The game lasted 00:02:08 (1292 turns).

Diablos the Chopper (Demonspawn Fighter)            Turns: 1292, Time: 00:02:08

Health: -2/29      AC:  8    Str: 21    XL:     3   Next: 64%
Magic:  3/3        EV:  7    Int: 10    God:
Gold:   166        SH:  9    Dex: 12    Spells: 2/2 levels left

rFire    . . .     SeeInvis .   a - +1 war axe
rCold    . . .     Gourm    .   c - +0 shield
rNeg     . . .     Faith    .   b - +0 scale mail
rPois    .         Spirit   .   (no helmet)
rElec    .         Reflect  .   s - +1 cloak
rCorr    .         Harm     .   (no gloves)
MR       .....                  (no boots)
Stlth    ..........             (no amulet)
HPRegen  0.09/turn              (no ring)
MPRegen  0.08/turn              l - ring of flight

@: mighty
A: spiny 1
a: Evoke Flight


You were on level 3 of the Dungeon.
You were not hungry.

You visited 1 branch of the dungeon, and saw 3 of its levels.

You collected 166 gold pieces.

Inventory:

Hand Weapons
 a - a +1 war axe (weapon)
 p - a +0 whip of pain
Armour
 b - a +0 scale mail (worn)
 c - a +0 shield (worn)
 s - a +1 cloak (worn)
Jewellery
 l - a ring of flight (right hand)
Scrolls
 e - a scroll of identify
 g - a scroll of remove curse
 i - a scroll of amnesia
Potions
 h - 3 potions of brilliance {unknown}
 j - a potion of lignification {unknown}
 m - a potion of magic {unknown}
 o - 2 potions of agility {unknown}
 r - 2 potions of mutation {unknown}
Comestibles
 f - a ration
 k - a chunk of flesh


   Skills:
 - Level 3.1 Fighting
 + Level 3.3 Axes
 - Level 2.8 Armour
 - Level 2.8 Shields


You had 2 spell levels left.
You didn't know any spells.

Dungeon Overview and Level Annotations

Branches:
Dungeon (3/15)

Altars:


Innate Abilities, Weirdness & Mutations

You are partially covered in sharp spines.


Message History

You kill the orc!
The orc priest hits you from afar with a trident.
The orc priest hits you but does no damage.
You feel very mighty all of a sudden.
The orc priest mumbles some strange prayers to Beogh against you.
Pain shoots through your body!
You are too injured to fight recklessly!
You are too injured to fight recklessly!
You are too injured to fight recklessly!
You block the orc priest's attack.
Things that are here:
a club; 9 gold pieces You barely miss the orc priest.
The orc priest is struck by your spines.
The orc priest hits you but does no damage.
You barely miss the orc priest.
The orc priest is lightly wounded.
The orc priest invokes the aid of Beogh against you.
Beogh smites you!
You die...

## #### #. ..#
..####o#####.#
#......@..##.#######
#..###.##..........#
#.#####.#####.#
#.........†<..#
#######.#####.#
#.#####.# #.##....#
#.##.##.# #.##.##.#


You could see an orc priest.

Vanquished Creatures
  An adder (D:2)
  An ooze (D:1)
  3 dart slugs
  2 leopard geckos (D:1)
  An orc (D:3)
  6 bats
  2 hobgoblins
  A quokka (D:2)
  4 frilled lizards
  3 goblins
  7 kobolds
  3 rats
34 creatures vanquished.

Notes
Turn   | Place    | Note
-------+----------+-------------------------------------------
     0 | D:1      | Diablos the Demonspawn Fighter began the quest for the Orb.
     0 | D:1      | Reached XP level 1. HP: 18/18 MP: 1/1
    88 | D:1      | Gained mutation: You are partially covered in sharp spines. [demonic ancestry]
    88 | D:1      | Reached XP level 2. HP: 23/24 MP: 2/2
   441 | D:1      | Reached XP level 3. HP: 29/29 MP: 3/3
  1292 | D:3      | Killed from afar by an orc priest

Vault maps used:
D:1:      dpeg_arrival_water_temple_mockup, minmay_misc_feat_tower
D:3:      cheibrodos_ashenzari_chains, minmay_liquid_box, uniq_terence

Skill      XL: |  1  2  3 |
---------------+----------+-----
Axes           | 2 3 |  3.3
Fighting       | |  3.1
Armour         | |  2.8
Shields        | |  2.8

Action                   || total
-------------------------++-------
Melee: War axe           ||    79
  Use: Scroll            ||     7
       Potion            ||     1
  Eat: Chunk             ||     1
Armor: Scale mail        ||    28
Dodge: Dodged            ||    14
Block: Shield            ||    46

Table legend:
 A = Spawn XP
 B = Non-spawn XP
 C = Spawn XP percentage of total XP
 D = Spawn monster count
 E = Non-spawn monster count
 F = Spawn count percentage of total count
 G = Total turns spent on level
                    A         B        C        D         E        F      G
               +---------+---------+-------+---------+---------+-------+---------
         Total |       0 |      77 |   0.0 |       0 |      34 |   0.0 |  1292
               +---------+---------+-------+---------+---------+-------+---------
           D:1 |       0 |      43 |   0.0 |       0 |      22 |   0.0 |   572
           D:2 |       0 |      27 |   0.0 |       0 |       8 |   0.0 |   650
           D:3 |       0 |       7 |   0.0 |       0 |       4 |   0.0 |    70
               +---------+---------+-------+---------+---------+-------+---------
